 Dungeon Crawl Stone Soup version 0.29-a0-1047-g7c58e119a4 (webtiles) character file.

Game seed: 2215913896349519780

103 Zeldest the Chopper (level 4, -3/41 HPs)
             Began as a Hill Orc Monk on Aug 17, 2022.
             Was a Believer of Beogh.
             Killed by divine providence
             ... invoked by an orc priest
              (9 damage)
             ... on level 3 of the Dungeon.
             The game lasted 00:01:56 (2321 turns).

Zeldest the Chopper (Hill Orc Monk)                 Turns: 2321, Time: 00:01:56

Health: -3/41      AC:  8    Str: 15    XL:     4   Next: 79%
Magic:  4/4        EV:  2    Int: 10    God:    Beogh [**....]
Gold:   167        SH: 11    Dex: 13    Spells: 3/3 levels left

rFire   . . .      SeeInvis .   a - +0 hand axe
rCold   . . .      Faith    .   h - +0 tower shield
rNeg    . . .      Spirit   .   d - +0 chain mail
rPois   .          Reflect  .   (no helmet)
rElec   .          Harm     .   (no cloak)
rCorr   .          Rampage  .   (no gloves)
Will    .....                   (no boots)
Stlth   ..........              (no amulet)
HPRegen 0.13/turn               (no ring)
MPRegen 0.09/turn               (no ring)

@: no status effects
A: no striking features
a: Renounce Religion, Smiting


You were on level 3 of the Dungeon.
You worshipped Beogh.
Beogh was pleased with you.
You visited 1 branch of the dungeon, and saw 3 of its levels.

You collected 167 gold pieces.

Inventory:

Hand Weapons
 a - a +0 hand axe (weapon)
Armour
 b - a +0 robe
 d - a +0 chain mail (worn)
 h - a +0 tower shield (worn)
Jewellery
 m - a +6 ring of dexterity
Scrolls
 e - a scroll of teleportation {unknown}
 j - 2 scrolls of noise {unknown}
 k - a scroll of poison {unknown}
 n - 2 scrolls of identify {unknown}
Potions
 c - a potion of ambrosia
 f - a potion of mutation {unknown}
 g - a potion of attraction {unknown}
 i - a potion of haste {unknown}
 l - a potion of cancellation {unknown}
 o - a potion of might {unknown}
 p - 2 potions of magic {unknown}
 q - a potion of lignification {unknown}
 r - a potion of heal wounds {unknown}


   Skills:
 + Level 4.5 Fighting
 + Level 4.9 Axes
 + Level 1.5 Armour
 - Level 2.6 Dodging
 - Level 1.8 Stealth
 + Level 1.6 Shields
 * Level 0.8 Invocations


You had 3 spell levels left.
You didn't know any spells.
Your spell library contained the following spells:

 Spells                   Type           Power      Damage    Failure   Level
 Confusing Touch          Hex            0%         N/A       100%        3
 Yara's Violent Unravell  Hex/Tmut       0%         3d3       100%        5
 Enfeeble                 Hex            0%         N/A       100%        7


Dungeon Overview and Level Annotations

Branches:
Dungeon (3/15)

Altars:
Zin


Message History

The orc is almost dead.
You hit the orc but do no damage. The orc hits you but does no damage. x2
Okay, then.
The orc priest calls upon Beogh to heal the orc.
The orc is healed somewhat.
The orc hits you with a +0 club. The orc hits you but does no damage.
You barely miss the orc priest. You hit the orc but do no damage.
You barely miss the orc.
The orc priest hits you but does no damage.
You block the orc's attack. x2; The orc hits you with a +0 club.
The orc priest calls upon Beogh to heal the orc.
The orc's wounds heal themselves!
The orc hits you but does no damage.
You hit the orc priest.
The orc priest is lightly wounded.
You barely miss the orc. x2; You block the orc priest's attack.
The orc hits you but does no damage. You block the orc's attack.
You closely miss the orc priest.
The orc priest is lightly wounded.
You hit the orc but do no damage. You hit the orc.
The orc priest hits you with a +0 flail.
You block the orc's attack. The orc barely misses you.
You completely miss the orc priest.
The orc priest is lightly wounded.
You hit the orc. You closely miss the orc. You block the orc priest's attack.
The orc hits you but does no damage. The orc hits you with a +0 club.
The orc priest hits you with a +0 flail.
The orc hits you but does no damage. x2
You closely miss the orc priest.
The orc priest is lightly wounded.
You hit the orc. You hit the orc but do no damage.
The orc priest calls down the wrath of Beogh upon you.
Pain shoots through your body!
* * * LOW HITPOINT WARNING * * *
You block the orc's attack. The orc hits you with a +0 club.
* * * LOW HITPOINT WARNING * * *
The orc hits you but does no damage.
The orc priest invokes the aid of Beogh against you.
Beogh smites you!
You die...
Beogh appreciates the orc priest's killing of a heretic priest.

......†....#### #
......###.....#
......#.......# ..
.....
#.##.####....
.....
#............ .
....
#..##.###.....
#...(....
#..####.## #....
##.#.....## #....
#.@.......
#........ooo....##
#.........K.##.##
...........# #
.............
..............
#.♣♣._.♣..#.... ##
.♣♣♣♣###.$..


You could see an orc priest, 2 orcs and a kobold.

Vanquished Creatures
  3 adders
  3 worms
  A dart slug (D:2)
  3 orcs (D:3)
  4 bats
  4 endoplasms
  4 giant cockroaches (D:1)
  6 hobgoblins
  6 jackals
  7 kobolds
  4 ball pythons
  2 frilled lizards
  4 goblins
  7 rats
58 creatures vanquished.

Notes
Turn   | Place    | Note
-------+----------+-------------------------------------------
     0 | D:1      | Zeldest the Hill Orc Monk began the quest for the Orb.
     0 | D:1      | Reached XP level 1. HP: 19/19 MP: 1/1
   255 | D:1      | Reached XP level 2. HP: 12/27 MP: 2/2
   751 | D:1      | Found a faded altar of an unknown god.
   771 | D:1      | Reached XP level 3. HP: 33/33 MP: 3/3
  1093 | D:2      | Reached skill level 1 in Shields
  1180 | D:2      | Reached skill level 1 in Armour
  1466 | D:2      | Reached XP level 4. HP: 36/40 MP: 4/4
  2098 | D:3      | Became a worshipper of Beogh the Brigand
  2098 | D:3      | Reached * piety under Beogh
  2098 | D:3      | Reached ** piety under Beogh
  2311 | D:3      | Found a glowing silver altar of Zin.
  2321 | D:3      | Killed from afar by an orc priest

Illustrated notes

Levels and vault maps discovered:
D:1:      dpeg_arrival_erosion, layout_loops_cross,
          hellmonk_ecumenical_altar_heavens_door, chequers_arboretum,
          dreamdust_princess_corridor, minmay_misc_feat_four_crosses
D:2:      layout_loops_cross
D:3:      layout_basic, zin_academy, moated_statue, dk_noncrumbling_4,
          uniq_jessica

Skill      XL: |  1  2  3 |
---------------+----------+-----
Fighting       | 4 |  4.5
Shields        | 1 |  1.6
Armour         | 1 |  1.5
Axes           | |  4.9
Dodging        | |  2.6
Stealth        | |  1.8
Invocations    | |  0.8

Action                   |  1- 3 |  4- 6 || total
-------------------------+-------+-------++-------
Melee: Hand axe          |   124 |    86 ||   210
Invok: Convert to Beogh  |       |     1 ||     1
Armor: Robe              |     2 |       ||     2
       Chain mail        |    62 |    74 ||   136
Dodge: Dodged            |    18 |     7 ||    25
Block: Tower shield      |    48 |    74 ||   122

Table legend: (Time is in decaauts)
 A = Elapsed time spent in this place.
 B = Non-inter-level travel time spent in this place.
 C = Inter-level travel time spent in this place.
 D = Time resting spent in this place.
 E = Time spent auto-exploring this place.
 F = Levels seen in this place.
 G = Mean time per level.
                   A        B        C        D        E       F      G
               +--------+--------+--------+--------+--------+-----+--------+
         Total |   2410 |   2367 |     43 |    684 |   1193 |   3 |  803.3 |
       Dungeon |   2410 |   2367 |     43 |    684 |   1193 |   3 |  803.3 |
               +--------+--------+--------+--------+--------+-----+--------+

Top non-repeatable levels by time:
     D:1: 1101 daAuts
     D:2: 789 daAuts
     D:3: 519 daAuts
